TOP OF THE 1ST |
San Francisco (APP) Giants batting - Pitching for Billings Mustangs : RHP Bill Marshall
|
Pitching: RHP Bill Marshall
|
|
Batting: RHB Coen Dirks
|
0-0: Ball 1-0: Ball 2-0: Ground out U3 (Groundball, 23, EV 83.1 MPH)
|
Batting: RHB Alex Peguero
|
0-0: Ball 1-0: Fly out, F7 (Flyball, 7, EV 78.8 MPH)
|
Batting: RHB Tsugio Yamaguchi
|
0-0: Ball 1-0: SINGLE (Line Drive, 4MD, EV 103.1 MPH)
|
Batting: RHB Zach Maguire
|
0-0: Called Strike 0-1: Foul Ball, location: 2F 0-2: Foul Ball, location: 2F 0-2: Ball 1-2: Ball 2-2: SINGLE (Groundball, 56S, EV 70.6 MPH) (infield hit) Tsugio Yamaguchi to second
|
Batting: LHB Kuan Hsia
|
0-0: Called Strike 0-1: Ball 1-1: SINGLE (Groundball, 6MD, EV 105.6 MPH) Tsugio Yamaguchi to third Zach Maguire to second Runner from 3rd tries for Home, SAFE, throw by CF to home
|
Batting: RHB Jaime Rios
|
0-0: Swinging Strike 0-1: Ball 1-1: Foul Ball, location: 2F 1-2: Ground out 5-3 (Groundball, 56, EV 103.8 MPH)
|
Top of the 1st over - 1 run, 3 hits, 0 errors, 2 left on base; San Francisco (APP) 1 - Billings 0 |
BOTTOM OF THE 1ST |
Billings Mustangs batting - Pitching for San Francisco (APP) Giants : LHP Matt DeGrado
|
Pitching: LHP Matt DeGrado
|
|
Batting: RHB Kieron Clark
|
0-0: Ground out 5-3 (Groundball, 56S, EV 80.6 MPH)
|
Batting: RHB Rich Vanegas
|
0-0: Swinging Strike 0-1: Fly out, F8 (Flyball, 8LM, EV 90.6 MPH)
|
Batting: LHB Mike Becerra
|
0-0: Swinging Strike 0-1: Foul Ball, location: 2F 0-2: Strikes out looking
|
Bottom of the 1st over - 0 runs, 0 hits, 0 errors, 0 left on base; San Francisco (APP) 1 - Billings 0 |
TOP OF THE 2ND |
San Francisco (APP) Giants batting - Pitching for Billings Mustangs : RHP Bill Marshall
|
Batting: RHB Noe Oliva
|
0-0: Ball 1-0: Swinging Strike 1-1: Swinging Strike 1-2: Strikes out swinging
|
Batting: RHB Chris Kulik
|
0-0: Called Strike 0-1: Ball 1-1: Ball 2-1: Ball 3-1: Called Strike 3-2: Strikes out looking
|
Batting: RHB Jonathan Hemsley
|
0-0: Ball 1-0: SINGLE (Groundball, 34D, EV 101.9 MPH)
|
Batting: RHB Coen Dirks
|
0-0: Ball Jonathan Hemsley steals 2nd base 1-0: Foul Ball, location: 2F 1-1: Ball 2-1: Foul Ball, location: 2F 2-2: Foul Ball, location: 2F 2-2: Ground out 6-3 (Groundball, 6S, EV 85.6 MPH)
|
Top of the 2nd over - 0 runs, 1 hit, 0 errors, 1 left on base; San Francisco (APP) 1 - Billings 0 |
BOTTOM OF THE 2ND |
Billings Mustangs batting - Pitching for San Francisco (APP) Giants : LHP Matt DeGrado
|
Batting: RHB Dan Allred
|
0-0: Ball 1-0: Ball 2-0: Foul Ball, location: 2F 2-1: SINGLE (Line Drive, 78S, EV 100.0 MPH)
|
Batting: SHB Gustavo Froio
|
0-0: Swinging Strike 0-1: Ball 1-1: Ball 2-1: Ground out 4-3 (Groundball, 4S, EV 71.9 MPH) Dan Allred to second
|
Batting: RHB Juan Oliveros
|
0-0: Swinging Strike 0-1: Swinging Strike 0-2: Ball 1-2: Ball 2-2: Foul Ball, location: 2F 2-2: Ground out 5-3 (Groundball, 56S, EV 87.5 MPH)
|
Batting: RHB Alex Nagera
|
0-0: Ball 1-0: Ball 2-0: Fly out, F9 (Flyball, 89M, EV 95.6 MPH)
|
Bottom of the 2nd over - 0 runs, 1 hit, 0 errors, 1 left on base; San Francisco (APP) 1 - Billings 0 |
TOP OF THE 3RD |
San Francisco (APP) Giants batting - Pitching for Billings Mustangs : RHP Bill Marshall
|
Batting: RHB Alex Peguero
|
0-0: Called Strike 0-1: Swinging Strike 0-2: Ball 1-2: Strikes out swinging
|
Batting: RHB Tsugio Yamaguchi
|
0-0: Ball 1-0: Ball 2-0: Ball 3-0: Base on Balls
|
Batting: RHB Zach Maguire
|
0-0: Called Strike Tsugio Yamaguchi is caught stealing 2nd base 2-4 0-1: Foul Ball, location: 2F 0-2: Ball 1-2: Ball 2-2: Ball 3-2: SOLO HOME RUN (Flyball, 78XD, EV 105.6 MPH), Distance : 406 ft
|
Batting: LHB Kuan Hsia
|
0-0: SINGLE (Line Drive, 56, EV 95.0 MPH)
|
Batting: RHB Jaime Rios
|
0-0: Ball 1-0: Fielders Choice at 2nd, 5-4 (Groundball, 5, EV 83.1 MPH)
|
Top of the 3rd over - 1 run, 2 hits, 0 errors, 1 left on base; San Francisco (APP) 2 - Billings 0 |
BOTTOM OF THE 3RD |
Billings Mustangs batting - Pitching for San Francisco (APP) Giants : LHP Matt DeGrado
|
Batting: RHB Wayne Watson
|
0-0: Swinging Strike 0-1: Ball 1-1: Ball 2-1: Ground out 2-3 (Groundball, 15S, EV 66.2 MPH)
|
Batting: RHB Ruben Cantu
|
0-0: Called Strike 0-1: Called Strike 0-2: Ground out 6-3 (Groundball, 6, EV 83.1 MPH)
|
Batting: RHB Kieron Clark
|
0-0: Ball 1-0: Foul Ball, location: 2F 1-1: Ball 2-1: Ball 3-1: Base on Balls
|
Batting: RHB Rich Vanegas
|
0-0: Called Strike Kieron Clark is caught stealing 2nd base 2-4
|
Bottom of the 3rd over - 0 runs, 0 hits, 0 errors, 0 left on base; San Francisco (APP) 2 - Billings 0 |
TOP OF THE 4TH |
San Francisco (APP) Giants batting - Pitching for Billings Mustangs : RHP Bill Marshall
|
Batting: RHB Noe Oliva
|
0-0: Foul Ball, location: 2F 0-1: Swinging Strike 0-2: Ball 1-2: Ball 2-2: Foul Ball, location: 2F 2-2: Strikes out swinging
|
Batting: RHB Chris Kulik
|
0-0: Called Strike 0-1: Foul Ball, location: 2F 0-2: Ground out 5-3 (Groundball, 56, EV 101.9 MPH)
|
Batting: RHB Jonathan Hemsley
|
0-0: Called Strike 0-1: Foul Ball, location: 2F 0-2: Strikes out swinging
|
Top of the 4th over - 0 runs, 0 hits, 0 errors, 0 left on base; San Francisco (APP) 2 - Billings 0 |
BOTTOM OF THE 4TH |
Billings Mustangs batting - Pitching for San Francisco (APP) Giants : LHP Matt DeGrado
|
Batting: RHB Rich Vanegas
|
0-0: Ball 1-0: Called Strike 1-1: Swinging Strike 1-2: Ball 2-2: Reached on error, E6 (Groundball, 6, EV 101.2 MPH)
|
Batting: LHB Mike Becerra
|
0-0: Called Strike Rich Vanegas is caught stealing 2nd base 2-6 0-1: Ball 1-1: Foul Ball, location: 2F 1-2: Ground out 4-3 (Groundball, 34, EV 98.1 MPH)
|
Batting: RHB Dan Allred
|
0-0: Ball 1-0: Ball 2-0: Ball 3-0: Base on Balls
|
Batting: SHB Gustavo Froio
|
0-0: Called Strike 0-1: Swinging Strike 0-2: Ball 1-2: Foul Ball, location: 2F 1-2: Strikes out swinging
|
Bottom of the 4th over - 0 runs, 0 hits, 1 error, 1 left on base; San Francisco (APP) 2 - Billings 0 |
TOP OF THE 5TH |
San Francisco (APP) Giants batting - Pitching for Billings Mustangs : RHP Bill Marshall
|
Batting: RHB Coen Dirks
|
0-0: Ball 1-0: Foul Ball, location: 2F 1-1: Fly out, F4 (Popup, 4S, EV 70.6 MPH)
|
Batting: RHB Alex Peguero
|
0-0: Called Strike 0-1: DOUBLE (Line Drive, 78D, EV 111.2 MPH)
|
Batting: RHB Tsugio Yamaguchi
|
0-0: Fly out, F3 (Line Drive, 34, EV 71.9 MPH)
|
Pitching: LHP Alec Valencia
|
|
Batting: RHB Zach Maguire
|
0-0: Foul Ball, location: 2F 0-1: Foul Ball, location: 2F 0-2: DOUBLE (Line Drive, 7LS, EV 108.1 MPH) Alex Peguero scores
|
Batting: LHB Kuan Hsia
|
0-0: Called Strike 0-1: Ball 1-1: Ball 2-1: Ball 3-1: Base on Balls
|
Batting: RHB Jaime Rios
|
0-0: Ball 1-0: Foul Ball, location: 2F 1-1: Ball 2-1: Ball 3-1: Called Strike 3-2: Foul Ball, location: 2F 3-2: Base on Balls Zach Maguire to third Kuan Hsia to second
|
Batting: RHB Noe Oliva
|
0-0: Called Strike 0-1: Ball 1-1: Swinging Strike 1-2: Foul Ball, location: 2F 1-2: Foul Ball, location: 2F 1-2: Strikes out swinging
|
Top of the 5th over - 1 run, 2 hits, 0 errors, 3 left on base; San Francisco (APP) 3 - Billings 0 |
BOTTOM OF THE 5TH |
Billings Mustangs batting - Pitching for San Francisco (APP) Giants : LHP Matt DeGrado
|
Pitching: LHP Randy Monaco
|
|
Batting: RHB Juan Oliveros
|
0-0: Ball 1-0: Called Strike 1-1: Called Strike 1-2: Strikes out swinging
|
Batting: RHB Alex Nagera
|
0-0: Ball 1-0: Ball 2-0: Ball 3-0: Base on Balls
|
Batting: RHB Wayne Watson
|
0-0: Ball 1-0: Ball 2-0: Foul Ball, location: 2F 2-1: Swinging Strike 2-2: Ball 3-2: Strikes out swinging
|
Batting: RHB Ruben Cantu
|
0-0: Called Strike Alex Nagera is caught stealing 2nd base 2-4
|
Bottom of the 5th over - 0 runs, 0 hits, 0 errors, 0 left on base; San Francisco (APP) 3 - Billings 0 |
TOP OF THE 6TH |
San Francisco (APP) Giants batting - Pitching for Billings Mustangs : LHP Alec Valencia
|
Batting: RHB Chris Kulik
|
0-0: Foul Ball, location: 2F 0-1: Called Strike 0-2: Ball 1-2: Foul Ball, location: 2F 1-2: Ball 2-2: Ground out 5-3 (Groundball, 15, EV 90.6 MPH)
|
Batting: RHB Jonathan Hemsley
|
0-0: Ball 1-0: Foul Ball, location: 2F 1-1: Ball 2-1: Ball 3-1: Foul Ball, location: 2F 3-2: Ground out 5-3 (Groundball, 56, EV 81.9 MPH)
|
Pitching: RHP Boboy Cacabelos
|
|
Batting: RHB Coen Dirks
|
0-0: Ball 1-0: Ball 2-0: Foul Ball, location: 2F 2-1: Called Strike 2-2: Ball 3-2: Base on Balls
|
Batting: RHB Alex Peguero
|
0-0: Ball 1-0: Foul Ball, location: 2F 1-1: Ball 2-1: Swinging Strike 2-2: Strikes out looking
|
Top of the 6th over - 0 runs, 0 hits, 0 errors, 1 left on base; San Francisco (APP) 3 - Billings 0 |
BOTTOM OF THE 6TH |
Billings Mustangs batting - Pitching for San Francisco (APP) Giants : LHP Randy Monaco
|
Batting: RHB Ruben Cantu
|
0-0: Called Strike 0-1: Called Strike 0-2: Strikes out swinging
|
Batting: RHB Kieron Clark
|
0-0: Ball 1-0: Foul Ball, location: 2F 1-1: Ball 2-1: Swinging Strike 2-2: Ball 3-2: Fly out, F8 (Flyball, 8LXD, EV 105.6 MPH)
|
Batting: RHB Rich Vanegas
|
0-0: Called Strike 0-1: Ball 1-1: Ground out 5-3 (Groundball, 56, EV 85.0 MPH)
|
Bottom of the 6th over - 0 runs, 0 hits, 0 errors, 0 left on base; San Francisco (APP) 3 - Billings 0 |
TOP OF THE 7TH |
San Francisco (APP) Giants batting - Pitching for Billings Mustangs : RHP Boboy Cacabelos
|
Batting: RHB Tsugio Yamaguchi
|
0-0: Swinging Strike 0-1: Ground out 6-3 (Groundball, 6, EV 102.5 MPH)
|
Batting: RHB Zach Maguire
|
0-0: Ball 1-0: SINGLE (Groundball, 25, EV 69.4 MPH) (infield hit)
|
Batting: LHB Kuan Hsia
|
0-0: Foul Ball, location: 2F 0-1: Called Strike 0-2: Fielders Choice at 2nd, 1-6 (Groundball, 13S, EV 66.9 MPH)
|
Batting: RHB Jaime Rios
|
0-0: Ball 1-0: Called Strike 1-1: Called Strike 1-2: Strikes out swinging
|
Top of the 7th over - 0 runs, 1 hit, 0 errors, 1 left on base; San Francisco (APP) 3 - Billings 0 |
BOTTOM OF THE 7TH |
Billings Mustangs batting - Pitching for San Francisco (APP) Giants : LHP Randy Monaco
|
Batting: LHB Mike Becerra
|
0-0: Ball 1-0: Fly out, F7 (Flyball, 7, EV 98.1 MPH)
|
Batting: RHB Dan Allred
|
0-0: Fly out, F9 (Flyball, 9LM, EV 77.5 MPH)
|
Batting: SHB Gustavo Froio
|
0-0: Ball 1-0: Called Strike 1-1: Ball 2-1: Ball 3-1: Base on Balls
|
Pitching: RHP Danny Estrada
|
|
Batting: RHB Juan Oliveros
|
0-0: Ball Gustavo Froio steals 2nd base 1-0: Fly out, F9 (Flyball, 89S, EV 93.8 MPH)
|
Bottom of the 7th over - 0 runs, 0 hits, 0 errors, 1 left on base; San Francisco (APP) 3 - Billings 0 |
TOP OF THE 8TH |
San Francisco (APP) Giants batting - Pitching for Billings Mustangs : RHP Boboy Cacabelos
|
Batting: RHB Noe Oliva
|
0-0: Called Strike 0-1: Ball 1-1: Swinging Strike 1-2: Strikes out swinging
|
Batting: RHB Chris Kulik
|
0-0: DOUBLE (Line Drive, 5D, EV 96.2 MPH)
|
Batting: RHB Jonathan Hemsley
|
0-0: Swinging Strike 0-1: Ball 1-1: Ball 2-1: Swinging Strike 2-2: Ball 3-2: Foul Ball, location: 2F 3-2: Strikes out looking
|
Pitching: RHP Jeff Buchanan
|
|
Batting: RHB Coen Dirks
|
0-0: Ball 1-0: Ball 2-0: Called Strike 2-1: Foul Ball, location: 2F 2-2: Fly out, F9 (Flyball, 9LM, EV 104.4 MPH)
|
Top of the 8th over - 0 runs, 1 hit, 0 errors, 1 left on base; San Francisco (APP) 3 - Billings 0 |
BOTTOM OF THE 8TH |
Billings Mustangs batting - Pitching for San Francisco (APP) Giants : RHP Danny Estrada
|
Batting: RHB Alex Nagera
|
0-0: Called Strike 0-1: Foul Ball, location: 2F 0-2: Foul Ball, location: 2F 0-2: Strikes out swinging
|
Batting: RHB Wayne Watson
|
0-0: Ball 1-0: Ball 2-0: Foul Ball, location: 2F 2-1: Ball 3-1: Foul Ball, location: 2F 3-2: Base on Balls
|
Pinch Hitting: LHB Clint Hanninen
|
0-0: Called Strike 0-1: Ball 1-1: Ball 2-1: Ball 3-1: Called Strike 3-2: Foul Ball, location: 2F 3-2: Strikes out swinging
|
Pitching: RHP Sam Green
|
|
Batting: RHB Kieron Clark
|
0-0: Ball 1-0: Ball 2-0: Called Strike 2-1: Foul Ball, location: 2F 2-2: Ball 3-2: SINGLE (Groundball, 6S, EV 68.8 MPH) (infield hit) Wayne Watson to second
|
Batting: RHB Rich Vanegas
|
0-0: Foul Ball, location: 2F 0-1: SINGLE (Line Drive, 4M, EV 100.0 MPH) Wayne Watson to third Kieron Clark to second
|
Pitching: LHP Justin Tidwell
|
|
Batting: LHB Mike Becerra
|
0-0: Ball 1-0: Ball 2-0: Ball 3-0: Base on Balls Wayne Watson scores Kieron Clark to third Rich Vanegas to second
|
Batting: RHB Dan Allred
|
0-0: Ball 1-0: DOUBLE (Line Drive, 7LS, EV 100.6 MPH) Kieron Clark scores Rich Vanegas scores Mike Becerra to third Runner from 3rd tries for Home, SAFE, throw by LF to trailing runner, OUT at third! 7-3-5
|
Bottom of the 8th over - 4 runs, 3 hits, 0 errors, 0 left on base; San Francisco (APP) 3 - Billings 4 |
TOP OF THE 9TH |
San Francisco (APP) Giants batting - Pitching for Billings Mustangs : RHP Jeff Buchanan
|
Pitching: RHP Roger Whitaker
|
|
Now in LF: Cortez Restrepo
|
|
Batting: RHB Alex Peguero
|
0-0: SINGLE (Groundball, 6MD, EV 104.4 MPH)
|
Batting: RHB Tsugio Yamaguchi
|
0-0: Foul Ball, location: 2F 0-1: Ball 1-1: Foul Ball, location: 2F 1-2: SINGLE (Groundball, 6MD, EV 95.0 MPH) Alex Peguero to second
|
Batting: RHB Zach Maguire
|
0-0: Ball 1-0: Called Strike 1-1: Ball 2-1: Ball 3-1: Base on Balls Alex Peguero to third Tsugio Yamaguchi to second
|
Batting: LHB Kuan Hsia
|
0-0: Ball 1-0: Ball 2-0: Called Strike 2-1: Foul Ball, location: 2F 2-2: Ball 3-2: GRAND SLAM HOME RUN (Flyball, 9LD, EV 93.8 MPH), Distance : 357 ft
|
Pitching: RHP Tahir Montazeri
|
|
Batting: RHB Jaime Rios
|
0-0: Ball 1-0: Foul Ball, location: 2F 1-1: Ball 2-1: SINGLE (Line Drive, 8LS, EV 100.0 MPH)
|
Batting: RHB Noe Oliva
|
0-0: Ball 1-0: Ball 2-0: Called Strike 2-1: Ball 3-1: Fly out, F9 (Flyball, 89M, EV 93.1 MPH)
|
Batting: RHB Chris Kulik
|
0-0: Called Strike Jaime Rios is caught stealing 2nd base 2-4 0-1: Foul Ball, location: 2F 0-2: Strikes out swinging
|
Top of the 9th over - 4 runs, 4 hits, 0 errors, 0 left on base; San Francisco (APP) 7 - Billings 4 |
BOTTOM OF THE 9TH |
Billings Mustangs batting - Pitching for San Francisco (APP) Giants : LHP Justin Tidwell
|
Pitching: RHP Corey Foster
|
|
Batting: SHB Gustavo Froio
|
0-0: Ball 1-0: Ball 2-0: Ball 3-0: Called Strike 3-1: Foul Ball, location: 2F 3-2: Base on Balls
|
Batting: LHB Josh Glass
|
0-0: Ball 1-0: Foul Ball, location: 2F 1-1: Grounds out, U3 (Groundball, 3L, EV 96.9 MPH)
|
Batting: RHB Alex Nagera
|
0-0: Ball 1-0: Ball 2-0: Swinging Strike 2-1: Swinging Strike 2-2: Strikes out swinging
|
Batting: RHB Wayne Watson
|
0-0: Ball 1-0: Ground out 6-3 (Groundball, 6, EV 80.6 MPH)
|
Bottom of the 9th over - 0 runs, 0 hits, 0 errors, 1 left on base; San Francisco (APP) 7 - Billings 4 |
|